 Dungeon Crawl Stone Soup version 0.31-a0-164-g2312942fda (webtiles) character file.

Game seed: 2424349216239612578

28 qw the Shooter (level 3, -2/21 HPs)
             Began as a Gargoyle Hunter on June 13, 2023.
             Slain by Robin
             ... wielding a +0 antimagic spear
              (4 damage)
             ... on level 2 of the Dungeon.
             The game lasted 00:00:17 (615 turns).

qw the Shooter (Gargoyle Hunter)                     Turns: 615, Time: 00:00:17

Health: -2/21      AC:  8    Str: 14    XL:     3   Next: 12%
Magic:  3/3        EV: 10    Int:  9    God:
Gold:   64         SH:  0    Dex: 15    Spells: 2/2 levels left

rFire   . . .        Y - +0 shortbow
rCold   . . .        (shield currently unavailable)
rNeg    + . .        j - +0 ring mail
rPois   inf          (no helmet)
rElec   +            (no cloak)
rCorr   .            (no gloves)
SInv    .            (no boots)
Will    .....        (no amulet)
Stlth   +            (no ring)
HPRegen 0.23/turn    (no ring)
MPRegen 0.08/turn

%: no passive effects
@: no status effects
A: sickness immunity, AC +3, negative energy resistance 1, electricity
resistance, torment resistance 1, petrification resistance
a: no special abilities


You were on level 2 of the Dungeon.
You visited 1 branch of the dungeon, and saw 2 of its levels.

You collected 64 gold pieces.


Innate Abilities, Weirdness & Mutations

You are immune to sickness and miasma.
Your stone body is resilient. (AC +3)
You are immune to poison.
You resist negative energy. (rN+)
You are resistant to electric shocks. (rElec)
You are resistant to unholy torment.
You are immune to petrification.


   Skills:
 - Level 2.1 Fighting
 + Level 4.8 Ranged Weapons
 - Level 1.0 Armour
 - Level 1.5 Dodging
 - Level 1.1 Stealth


You had 2 spell levels left.
You didn't know any spells.
Your spell library was empty.

Inventory:

Hand Weapons
 Y - a +0 shortbow (weapon)
Armour
 j - a +0 ring mail (worn)
Scrolls
 f - a scroll of identify
Potions
 e - a potion of heal wounds {unknown}

Dungeon Overview and Level Annotations

Branches:
Dungeon (2/15)

Altars:

Shops:
D:1 *!

Annotations:
D:2 Robin


Message History

You have reached level 3!
Your experience leads to an increase in your attributes!
Increase (S)trength, (I)ntelligence, or (D)exterity?
You feel agile. x2
You shoot an arrow.
The arrow hits the goblin but does no damage.
The goblin hits you but does no damage. The goblin closely misses you.
The goblin hits you but does no damage.
You shoot an arrow. The arrow hits the goblin.
You kill the goblin!
The goblin hits you with a +0 club. The goblin barely misses you.
The goblin hits you but does no damage.
Your Armour skill increases to level 1!
You shoot an arrow. The arrow hits the goblin!
You kill the goblin!
The goblin no longer looks unusually strong. x2
Robin says, "A pitiful Gargoyle like you will never find the ORB!"
The goblin barely misses you. x2
You shoot an arrow. The arrow hits the goblin.
The goblin is heavily wounded.
The hobgoblin no longer looks unusually strong.
The goblin no longer looks unusually strong.
Robin throws the goblin at you! The goblin hits you but does no damage.
The goblin hits you with a +0 dagger. The goblin hits you but does no damage.
You shoot an arrow. The arrow misses the goblin.
Robin hits you from afar with a +0 antimagic spear.
The goblin hits you with a +0 club.
The goblin hits you but does no damage. x2
The goblin barely misses you. Robin throws the goblin at you!
The goblin hits you but does no damage. x2
You shoot an arrow. The arrow hits the goblin!
You kill the goblin!
The goblin hits you with a +0 club. The hobgoblin closely misses you.
The goblin hits you but does no damage.
Robin roars a battlecry!
The goblins go into a battle-frenzy!
You shoot an arrow. The arrow hits the goblin.
You kill the goblin!
The goblin hits you but does no damage.
Robin hits you from afar with a +0 antimagic spear.
You die...

........ ......#
.# ...... #.#
....# ...
...###.# g.#....
######g#.#.#.#
#....)@).#.#.###
#.....g).#.#... #
#........#...###.
######'#.#.#....
#.#...#..#
#.#...#..#
..#.##...#
###..#..##
##.#...#


You could see Robin, a hobgoblin (strong) and a goblin (strong).

Vanquished Creatures
  2 endoplasms (D:1)
  9 goblins
  2 hobgoblins
  A quokka (D:1)
  4 ball pythons (D:1)
  2 bats
  A frilled lizard (D:1)
  4 kobolds (D:1)
  A rat (D:1)
26 creatures vanquished.

Notes
Turn   | Place    | Note
-------+----------+-------------------------------------------
     0 | D:1      | qw the Gargoyle Hunter began the quest for the Orb.
     0 | D:1      | Reached XP level 1. HP: 12/12 MP: 1/1
     0 | D:1      | 0 ||| qw: Version: 0.2-a-29-gc1b59c4
     0 | D:1      | 0 ||| qw: Game counter: 4581
     0 | D:1      | 0 ||| qw: Always use a shield: true
     0 | D:1      | 0 ||| qw: God list: Okawaru
     0 | D:1      | 0 ||| qw: Allow faded altars: false
     0 | D:1      | 0 ||| qw: Do Orc after D:15 true
     0 | D:1      | 0 ||| qw: Do second Lair branch before Depths: true
     0 | D:1      | 0 ||| qw: Lair rune preference: random
     0 | D:1      | 0 ||| qw: Plans: Normal, Zot:1-4, Slime:5, God:TSO, Crypt,
                  | Tomb, Abyss, Pan, Hells, Win
     0 | D:1      | 0 ||| PLANNING D:1-11
   110 | D:1      | Reached XP level 2. HP: 17/17 MP: 2/2
   205 | D:1      | Found Giez's Distillery.
   214 | D:1      | 214 ||| SHOPLISTING 2 potions of lignification (72 gold,
                  | have 0).
   214 | D:1      | 214 ||| SHOPLISTING potion of attraction (36 gold, have 0).
   214 | D:1      | 214 ||| SHOPLISTING potion of curing (36 gold, have 0).
   214 | D:1      | 214 ||| SHOPLISTING potion of heal wounds (60 gold, have
                  | 0).
   214 | D:1      | 214 ||| SHOPLISTING potion of might (48 gold, have 0).
   221 | D:1      | Found Ryapuck's Assorted Antiques.
   230 | D:1      | 230 ||| SHOPLISTING scroll labelled IVYASE LISEFO (17 gold,
                  | have 12).
   230 | D:1      | 230 ||| SHOPLISTING scroll labelled JIRES UQECKA (17 gold,
                  | have 12).
   230 | D:1      | 230 ||| SHOPLISTING scroll labelled MEVEIB KI PIYF (17
                  | gold, have 12).
   230 | D:1      | 230 ||| SHOPLISTING scroll labelled XUCSYN LIOSE (17 gold,
                  | have 12).
   462 | D:1      | Found a faded altar of an unknown god.
   549 | D:1      | 549 ||| UPGRADING to +0 ring mail.
   559 | D:1      | 559 ||| DROPPING +0 leather armour.
   560 | D:1      | 560 ||| READING scroll labelled ROZISS YPYTOOGH.
   564 | D:1      | 564 ||| READING 2 scrolls labelled MEVEIB KI PIYF.
   565 | D:1      | 565 ||| READING scroll labelled JIRES UQECKA.
   566 | D:1      | 566 ||| READING scroll labelled ASHISI JOUG.
   567 | D:1      | 567 ||| READING scroll labelled XUCSYN LIOSE.
   568 | D:1      | 568 ||| DROPPING scroll of butterflies.
   601 | D:2      | Noticed Robin
   609 | D:2      | Reached XP level 3. HP: 8/21 MP: 3/3
   611 | D:2      | Reached skill level 1 in Armour
   613 | D:2      | HP: 4/21 [Robin/+0 antimagic spear (2)]
   614 | D:2      | HP: 1/21 [goblin/+0 club[Robin] (2)]
   615 | D:2      | Slain by Robin

Levels and vault maps discovered:
D:1:      lightli_arrival_chessboard, layout_basic,
          hellmonk_ecumenical_altar_prayer_group, serial_shops, shop, shop
D:2:      layout_basic, serial_shops, nicolae_shop_waterfront,
          amethyst_killhole, uniq_robin

Skill      XL: |  1  2  3 |
---------------+----------+-----
Armour         | 1 |  1.0
Fighting       | |  2.1
Ranged Weapons | |  4.8
Dodging        | |  1.5
Stealth        | |  1.1

Action                     || total
---------------------------++-------
   Fire: Shortbow          ||    56
    Use: Scroll            ||     5
 Armour: Leather armour    ||     7
         Ring mail         ||    19
  Dodge: Dodged            ||    18

Table legend:
 A = Non-vault XP
 B = Vault XP
 C = Vault XP percentage of total XP
 D = Non-vault monster count
 E = Vault monster count
 F = Vault count percentage of total count
                 A         B        C        D         E       F
            +---------+---------+-------+---------+---------+-------
      Total |      25 |      16 |  39.0 |      17 |       9 |  34.6
            +---------+---------+-------+---------+---------+-------
        D:1 |      24 |       2 |   7.7 |      16 |       1 |   5.9
        D:2 |       1 |      14 |  93.3 |       1 |       8 |  88.9
            +---------+---------+-------+---------+---------+-------
